 Dungeon Crawl Stone Soup version 0.19.5 (webtiles) character file.

0 Gargoyl the Skirmisher (level 1, -1/18 (19) HPs)
             Began as a Ghoul Abyssal Knight on Mar 13, 2017.
             Was a Follower of Lugonu.
             Killed from afar by a starcursed mass (8 damage)
             ... with an accursed screaming
             ... on level 2 of the Abyss.
             The game lasted 00:00:24 (185 turns).

Gargoyl the Skirmisher (Ghoul Abyssal Knight)        Turns: 185, Time: 00:00:25

HP:   -1/18 (19)    AC:  3    Str: 15    XL:     1   Next: 0%
MP:   1/1           EV: 11    Int:  7    God:    Lugonu [*.....]
Gold: 37            SH:  0    Dex:  8    Spells: 0 memorised, 0 levels left

rFire  . . .     SeeInvis .     a - +1 hand axe
rCold  + . .     Gourm    .     b - +0 leather armour
rNeg   + + +     Faith    .     (no shield)
rPois  ∞         Spirit   .     (no helmet)
rElec  .         Reflect  .     (no cloak)
rCorr  .         Harm     .     (no gloves)
MR     .....                    (no boots)
Stlth  +.........               (no amulet)
                                (no ring)
                                (no ring)

@: rotting
A: rotting body, claws 1, carnivore 3, cold resistance 1, negative energy
resistance 3, slow regeneration 1, torment resistance, unbreathing
a: Depart the Abyss, Renounce Religion


You were on level 2 of the Abyss.
You worshipped Lugonu.
Lugonu was aware of your devotion.
You were not hungry.

You visited 0 branches of the dungeon, and saw 0 of its levels.
You visited the Abyss 1 time.

You collected 37 gold pieces.

Inventory:

Hand Weapons
 a - a +1 hand axe (weapon)
Armour
 b - a +0 leather armour (worn)
Scrolls
 e - 2 scrolls of identify
Comestibles
 c - a meat ration


   Skills:
 + Level 3.2 Fighting
 + Level 1.7 Axes
 + Level 1.7 Armour
 + Level 0.8 Dodging
 + Level 2.0 Invocations


You couldn't memorise any spells.
You didn't know any spells.

Dungeon Overview and Level Annotations

Branches:
Dungeon (0/15)

Altars:


Innate Abilities, Weirdness & Mutations

Your body is rotting away.
You thrive on raw meat.
You are immune to poison.
You have sharp fingernails.
You are carnivorous and can eat meat at any time.
Your flesh is cold resistant. (rC+)
You are immune to negative energy. (rN+++)
You regenerate slowly when monsters are visible.
You are immune to unholy pain and torment.
You can survive without breathing.


Message History

A spatial vortex comes into view.
You hit the worldbinder but do no damage.
You hit the thrashing horror but do no damage.
The thrashing horror barely misses you.
The thrashing horror closely misses you.
The spatial vortex moves out of view.
The worldbinder hits you. The worldbinder closely misses you. x3
A spatial vortex and a starcursed mass come into view.
The thrashing horror roars!
The thrashing horror barely misses you.
The thrashing horror closely misses you.
The spatial vortex moves out of view.
The starcursed mass shrieks in your mind.
The thrashing horror roars!
The thrashing horror barely misses you. x2; A starcursed mass splits.
The thrashing horror roars!
The thrashing horror barely misses you. The thrashing horror tramples you.
You stumble backwards!
A starcursed mass splits.
A chorus of shrieks assaults your mind.
You die...

. .# ## # ..#.... .
. # ###.###.#.#..#.
. .. .#...###...##
#. # .
....#.X......#
##.####..##..X#...
.# #
#.####.#X.##....#
#...
##..#.....#....#
######.....###.#.#.
.#
#...#.#@.v#.#...# .
##..#.#X##...##.#
#..#..Xx##.v.# ##
#.#.........#
.X######.#.....v.
.... ##.#.#.##. #.
.##.... . .. .#...
##. # .#


You could see 3 starcursed masses, a spatial vortex, a thrashing horror, a large
abomination and a worldbinder.

Vanquished Creatures (others)
  2 starspawn tentacles (Abyss:2)
2 creatures vanquished.

Notes
Turn   | Place    | Note
-------+----------+-------------------------------------------
     0 | Abyss:1  | Gargoyl the Ghoul Abyssal Knight began the quest for the Orb.
     0 | Abyss:1  | Reached XP level 1. HP: 19/19 MP: 1/1
    63 | Abyss:2  | Found a burning altar of Makhleb.
   170 | Abyss:2  | Noticed a large abomination
   177 | Abyss:2  | Noticed a worldbinder
   177 | Abyss:2  | Noticed a tentacled starspawn
   178 | Abyss:2  | Noticed a thrashing horror
   182 | Abyss:2  | Noticed a spatial vortex
   183 | Abyss:2  | Noticed a spatial vortex
   183 | Abyss:2  | Noticed a starcursed mass
   185 | Abyss:2  | Killed from afar by a starcursed mass

Action                   || total
-------------------------++-------
Melee: Hand axe          ||     1
  Use: Scroll            ||     2
Dodge: Dodged            ||    12
